Croesus, chaotic male elven Ranger ----- --------- |<..--- ------.......-- ------- --------------- |.....---|.........--..| |.....| ------- |.............| --..|....|.---------|..| |.(_..| |>....| --|---|--.----|| --.|-.....---- ---- |.....| --....|--- |..|...|-.|.-..| --|.........|--- ----- ---|--- ---..|..---|..|--.-..--|..| ----.|....|..----...-- |.| ---|-.....-|--........--|| -----..|....|.....---- |.| --......--................| |..|...).........---.-- |.......-|..--------|--..-- --......---...........----- |...{....|--|.........|..-- |........|...|...........---|.| --.......| |((()?!!(=|...| -+- ------....-------...---......-|.|------....--| -----------...| --.---...-|...-|..|..|-...|..---...|.--..|...|....|------ |.%.....-- --.........|..--|..|..|--.....|-....|..%d@...---...-|.(((| |.------- +...............-|---|-----..-|.........@--....|-...-..%(| |.| -----.....{....----........%......|...`.......|-...|...-|.(((| |.| . |..............-- |-|--.---------.........--..|........|------ |.--|-- -+-----.........| |...|.|.((.| --.......-----|...|....|--------.....| --..------- |...|.-..)(| ---...--- -..|...--......|...{..+ ---- ------|.(..| ----- ----.....----........| ------ ------- ---------- Croesus the Trailblazer Experience level: 6 Strength: 16 Dexterity: 11 Constitution: 14 Intelligence: 14 Wisdom: 15 Charisma: 7 Health: 0(35) Energy: 41(41) Def: 13 Gold: 0 Moves: 3864 Dungeon seed: yr8QiW9B4o_XbYI7 Game ID: Croesus_1579630575 Your Inventory: Weapons c - 56 uncursed +2 elven arrows d - an uncursed +1 elven dagger (alternate weapon; not wielded) e - an uncursed +1 elven bow (weapon in hand) i - a blessed +0 dagger L - 8 uncursed +0 arrows W - 27 uncursed +0 elven arrows (in quiver) Armor n - an uncursed +0 leather armor (being worn) q - an uncursed +2 elven cloak (being worn) r - an uncursed +0 large shield (being worn) y - an uncursed +0 pair of leather gloves (being worn) z - a blessed +3 orcish helm (being worn) D - a blessed +0 pair of low boots (being worn) N - an uncursed +0 pair of leather gloves Tools b - an uncursed bag of holding g - an uncursed tooled horn k - an uncursed skeleton key l - an uncursed magic lamp (lit) w - an uncursed magic whistle Contents of the bag of holding: an uncursed candy bar 2 uncursed food rations 5 uncursed lembas wafers an uncursed lichen corpse an uncursed pancake an uncursed scroll of enchant weapon an uncursed scroll of light an uncursed scroll of teleportation a blessed potion of healing a cursed potion of restore ability an uncursed +0 pick-axe an uncursed aquamarine stone an uncursed worthless piece of orange glass an uncursed worthless piece of red glass an uncursed worthless piece of white glass 5 uncursed worthless pieces of yellowish brown glass 37 gold pieces Spells and supernatural/magical abilities: Name Level Category Cost Memory W - pray for help -- divine ? -- Your skills at the end: Fighting Skills wands [Basic] Weapon Skills dagger [Basic] bow [Basic] Spellcasting Skills Final Attributes: You had transgressed. You were immune to sleep. You saw invisible. You had automatic searching. You had infravision. You were stealthy. Mars was noncommittal. You are dead. Vanquished creatures: 3 watchmen a gnome king a dwarf lord a blue jelly a wood nymph a pony a fog cloud a shrieker 5 gnome lords a gnomish wizard a gray ooze a little dog 9 dwarves a homunculus a rothe 2 centipedes a monkey a wererat a werejackal an iguana 2 acid blobs 3 coyotes a gas spore a hobgoblin 4 cave spiders a brown mold 2 green molds 24 gnomes a gnome zombie 19 jackals 3 foxes 3 goblins 4 sewer rats a grid bug 4 lichens a kobold zombie 2 newts 111 creatures vanquished. Voluntary challenges: You used a wielded weapon 40 times, starting on turn 333. You read items or engraved 3 times, starting on turn 1048. You never genocided any monsters. You never polymorphed an object. You never changed form. You used no wishes. You never split a pudding. You wrote Elbereth's name 1 time, starting on turn 1048. You violated your moral code, losing 72 points of alignment, starting on turn 3694. Dungeon overview: The Dungeons of Doom: levels 1 to 3 Level 1 an altar to Mercury, a fountain a long staircase Level 2 a hardware shop stairs to The Gnomish Mines Level 3 a vault The Gnomish Mines: levels 3 to 6 Level 3 stairs to The Dungeons of Doom Level 4 Level 5 <- You were here some shops, a temple to Mercury, some fountains Level 6 History has recorded: On T:1 you entered the Dungeons of Doom to retrieve the Amulet of Yendor! On T:188 you reached level 2 of The Dungeons of Doom. On T:627 you advanced to experience level 2. On T:675 you reached level 1 of The Gnomish Mines. On T:726 you reached level 3 of The Dungeons of Doom. On T:979 you advanced to experience level 3. On T:1087 you advanced to experience level 4. On T:1194 you reached level 2 of The Gnomish Mines. On T:1272 you advanced to experience level 5. On T:1547 you reached level 3 of The Gnomish Mines. On T:1688 you advanced to experience level 6. On T:2539 you reached level 4 of The Gnomish Mines. Score breakdown: Gold: 37 ( 5373 points) Experience: 6 levels (12456 points) Exploration: 6 levels ( 12.00%) ( 9583 points) Discoveries: 10 items ( 3.39%) ( 5523 points) Valuables value: (no points given unless you survive) Artifact value: 0 ( 0 points) Variety of kills: 37 monsters ( 9.74%) ( 9361 points) Turncount: 3864 turns ( -973 points) Survival: died (score multiplied by 80%) Total score: 33058 Latest messages: The watch captain swings his silver saber at Vega. The watch captain hits Vega. The watch captain swings his silver saber at Vega. The watch captain hits Vega. Vega misses the watch captain. You finish eating the shrieker corpse. [3 turns] You shoot 3 elven arrows. The 1st elven arrow misses the watch captain. The 2nd elven arrow misses the watch captain. The 3rd elven arrow misses the watch captain. The watch captain swings his silver saber at you. The watch captain misses. The watch captain swings his silver saber at you. The watch captain hits! You shoot 2 elven arrows. The 1st elven arrow hits the watch captain! The 2nd elven arrow misses the watch captain. The watch captain swings his silver saber at you. The watch captain hits! The watch captain swings his silver saber at you. The watch captain hits! You die... Final status: Goodbye Croesus the Ranger, killed by a watch captain... You died in The Gnomish Mines on dungeon level 5 with 33058 points, and 37 pieces of gold, after 3864 moves. You were level 6 with a maximum of 35 hit points when you died.